 Dungeon Crawl Stone Soup version 0.28.0-53-g5a82cb258f (webtiles) character file.

Game seed: 3973475501996810801

14319 unlimited1921 the Thaumaturge (level 12, -7/76 HPs)
             Began as a Djinni Fire Elementalist on Aug 19, 2022.
             Was an Elder of Fedhas.
             Mangled by a two-headed ogre
             ... wielding a +0 giant spiked club
              (15 damage)
             ... on level 10 of the Dungeon.
             The game lasted 01:29:11 (23686 turns).

unlimited1921 the Thaumaturge (DjFE)               Turns: 23686, Time: 01:29:12

Health: -7/76      AC: 12    Str:  7    XL:     12   Next: 43%
Gold:   378        EV: 15    Int: 27    God:    Fedhas [****..] SH: 10 Dex: 18

rFire   + + .      SeeInvis .   E - +6 hunting sling "Furrepp" {vorpal, Int+5 Dex+4 Stlth+}
rCold   x . .      Faith    .   T - +0 kite shield
rNeg    . . .      Spirit   .   U - +0 acid dragon scales
rPois   ∞          Reflect  .   a - +2 hat
rElec   .          Harm     .   Q - +2 cloak
rCorr   +          Rampage  .   (no gloves)
Will    +....                   (boots unavailable)
Stlth   +++.......              (no amulet)
HPRegen 0.22/turn               R - +4 ring of evasion
MPRegen 0.00/turn               L - +4 ring of slaying

@: flying
A: sickness immunity, fire resistance 2, cold vulnerability 1, float, innate
caster, HP casting, extra vitality 1
a: Renounce Religion, Wall of Briars, Grow Ballistomycete, Overgrow


You were on level 10 of the Dungeon.
You worshipped Fedhas.
Fedhas was greatly pleased with you.
You visited 3 branches of the dungeon, and saw 13 of its levels.
You also visited: Sewer.

You collected 603 gold pieces.
You spent 225 gold pieces at shops.

Inventory:

Hand Weapons
 f - a +1 vorpal spear
 u - a +0 quarterstaff
 y - a +1 falchion of electrocution
 z - a +4 dagger of draining
 A - a +0 flail of protection
 B - a +1 trident of protection
 E - the +6 hunting sling "Furrepp" (weapon) {vorpal, Int+5 Dex+4 Stlth+}
   (You found it in a sewer)

   Any ammunition fired from it inflicts extra damage upon your enemies.
   Int:       It affects your intelligence (+5).
   Dex:       It affects your dexterity (+4).
   Stlth:     It makes you more stealthy.
 H - a +2 rapier of distortion
 I - the +8 short sword "Lueh Memn" {distort, Int+5}
   (You took it off a kobold brigand on level 5 of the Dungeon)

   It warps and distorts space around it, and may blink, banish, or inflict
   extra damage upon those it strikes.
   Unwielding it can cause banishment or high damage.
   Int:       It affects your intelligence (+5).
Missiles
 d - 85 bolts
 e - 668 stones (quivered ammo)
 i - 13 throwing nets
 l - 12 boomerangs
 q - 49 poisoned darts
 t - 107 sling bullets
 v - 6 silver javelins
 J - 4 curare-tipped darts
Armour
 a - a +2 hat (worn)
 w - a +1 chain mail of willpower
 Q - a +2 cloak (worn)
 T - a +0 kite shield (worn)
 U - +0 acid dragon scales (worn)
Jewellery
 c - a ring of protection from cold
 L - a +4 ring of slaying (right hand)
 R - a +4 ring of evasion (left hand)
Wands
 o - a wand of flame (6)
 N - a wand of digging (14)
Scrolls
 b - 2 scrolls of identify
 g - a scroll of enchant weapon
 j - 2 scrolls of teleportation
 p - a scroll of silence
 C - a scroll of fog {unknown}
 M - a scroll of torment
 P - 3 scrolls of magic mapping {unknown}
Potions
 k - 4 potions of might
 m - 3 potions of cancellation
 D - a potion of invisibility {unknown}
 G - a potion of mutation {unknown}
 K - a potion of brilliance {unknown}
 S - 2 potions of lignification {unknown}


   Skills:
 + Level 3.2 Fighting
 + Level 0.5 Maces & Flails
 - Level 0.1(0.3) Staves
 + Level 2.1(2.2) Slings
 + Level 0.7(1.5) Throwing
 + Level 5.3 Armour
 + Level 4.6 Dodging
 + Level 3.9 Stealth
 * Level 4.0 Shields
 + Level 12.9 Spellcasting


You had 9 spell levels left.
You knew the following spells:

 Your Spells              Type           Power      Damage    Failure   Level
a - Foxfire               Conj/Fire      100%       2x1d9     1%          1
b - Scorch                Fire           100%       2d10      1%          2
c - Conjure Flame         Conj/Fire      73%        6-21      1%          3
d - Inner Flame           Hex/Fire       73%        N/A       1%          3
e - Flame Wave            Conj/Fire      73%        2d13      1%          4
f - Freeze                Ice            100%       1d11      1%          1
g - Passwall              Tmut/Erth      60%        N/A       1%          2
h - Teleport Other        Tloc           73%        N/A       1%          3
i - Vampiric Draining     Necr           73%        2d11      1%          3
j - Summon Forest         Summ/Tloc      36%        N/A       2%          5
Your spell library was empty.

Dungeon Overview and Level Annotations

Branches:
Dungeon (10/15)            Temple (1/1) D:7             Orc (2/2) D:10
    Elf (0/3) Orc:2         Sewer (visited)
   Lair: D:8-11

Altars:
Ashenzari
Cheibriados
Dithmenos
Elyvilon
Fedhas
Gozag
Hepliaklqana
Kikubaaqudgha
Makhleb
Nemelex Xobeh
Okawaru
Qazlal
Ru
Sif Muna
Trog
Uskayaw
Vehumet
Wu Jian
Xom
Yredelemnul
Zin
The Shining One
Lugonu

Shops:
D:6 (   D:7 (   D:8 [   D:9 (=

Portals:
Abyss: D:5

Annotations:
Orc:2 Azrael


Innate Abilities, Weirdness & Mutations

You are immune to sickness and miasma.
You are immune to poison.
Your flesh is very heat resistant. (rF++)
You are vulnerable to cold. (rC-)
You float through the air rather than walking.
You learn spells naturally, not from books.
Your magical power is your life essence.
You have superior vitality. (+4 MHP)


Message History

Confirm with . or Enter, or press ? or * to list all spells.
Flames lash the orc warrior.
The orc warrior is heavily wounded.
The orc warrior's fire resistance burns away.
The foxfire hits the orc warrior.
The orc warrior is heavily wounded.
The foxfire hits the orc warrior!
The orc warrior is burned terribly!
The orc warrior is almost dead.
The orc warrior closely misses you.
Casting: Scorch (safe; 1% risk of failure)
Confirm with . or Enter, or press ? or * to list all spells.
Flames lash the orc warrior.
The orc warrior is burned terribly!
You kill the orc warrior!
Fedhas appreciates your contribution to the ecosystem.
The two-headed ogre is engulfed in blazing flames.
Flame seeps out of the two-headed ogre.
An ogre comes into view. It is wielding a +0 giant club.
Casting: Scorch (safe; 1% risk of failure)
Confirm with . or Enter, or press ? or * to list all spells.
Flames lash the two-headed ogre.
Flame seeps out of the two-headed ogre.
The two-headed ogre is heavily wounded.
The two-headed ogre's fire resistance burns away.
* * * LOW HITPOINT WARNING * * *
The two-headed ogre is engulfed in blazing flames.
Flame seeps out of the two-headed ogre.
The two-headed ogre hits you with a +0 giant spiked club!
* * * LOW HITPOINT WARNING * * *
The two-headed ogre barely misses you.
You fly upwards.
There is a stone staircase leading down here.
Things that are here:
a +0 chain mail; a +0 trident
There is a staircase back to the Dungeon here.
The two-headed ogre closely misses you. You block the two-headed ogre's attack.
You fly upwards.
Welcome back to the Dungeon!
There is a staircase to the Orcish Mines here.
The two-headed ogre misses you.
The two-headed ogre hits you with a +0 giant club!
You die...
Fedhas appreciates your contribution to the ecosystem.

#..# #####.#.# #....... #..#
#.......# ######....... #..#
#.....### #............ ...######
#.....# #.......##### ##......#
####### #.......# ........#
###.......# .#......#
####.[.......# .#......#
##O.[[######### .#......# #.@>.)#
.#......# #.)[..# .#......#
####.....# ####### .########
#≈≈≈≈########≈≈##≈##
######≈#####≈≈≈≈≈≈≈##≈≈≈≈≈≈≈≈≈###
##≈≈#≈#≈#≈≈≈###≈≈≈≈≈≈≈≈≈≈≈≈≈≈≈≈≈#
≈≈≈≈###≈≈≈≈## ##≈≈≈≈≈≈≈≈#≈≈≈≈≈≈≈≈
≈≈≈≈# ###≈≈# #≈≈≈≈≈≈≈≈##≈≈≈≈≈≈≈
≈≈### #### ##≈≈≈≈≈####≈≈#≈≈≈≈


You could see a two-headed ogre (inner flame).

Vanquished Creatures
  3 two-headed ogres
  An orc knight (D:10)
  An ugly thing (D:10)
  A troll (D:10)
  A queen bee (shapeshifter) (D:10)
  A vampire (D:7)
  Eustachio (D:4)
  12 yaks
  Grum (D:9)
  A wyvern (D:7)
  3 wargs (D:10)
  2 acid dragons
  A water moccasin (D:6)
  11 orc warriors
  A sky beast (D:6)
  A necrophage (D:7)
  2 centaurs
  3 ogres
  6 kobold brigands
  5 gnoll sergeants
  Blork the orc (D:4)
  5 scorpions (D:5)
  A bullfrog (D:8)
  10 killer bees
  3 howler monkeys (D:8)
  6 electric eels
  A centaur zombie (D:5)
  12 hounds
  3 gnoll shamans
  7 orc priests
  2 bullfrog skeletons
  2 centaur skeletons
  4 iguanas
  10 orc wizards
  A hound skeleton (D:5)
  Robin (D:3)
  54 gnolls
  9 adders
  A shadow imp (D:7)
  5 dart slugs
  25 orcs
  7 endoplasms
  4 giant cockroaches
  13 goblins
  16 hobgoblins
  9 jackals
  8 quokkas
  13 ball pythons
  8 bats
  6 frilled lizards
  35 kobolds
  11 rats
351 creatures vanquished.

Vanquished Creatures (collateral kills)
  An orc warlord (Orc:2)
  2 orc sorcerers (Orc:2)
  A fire elemental (Orc:2)
  A warg (D:10)
  2 hell hounds (Orc:2)
  3 ogres (Orc:2)
  3 orc warriors
  A gnoll sergeant (D:9)
  2 hounds (D:9)
  An orc priest (Orc:2)
  An orc wizard (Orc:2)
  3 jackals (D:9)
  A foxfire (Sewer)
22 creatures vanquished.

Vanquished Creatures (others)
  1082 foxfires
  2 plants (Sewer)
1084 creatures vanquished.

Grand Total: 1457 creatures vanquished

Notes
Turn   | Place    | Note
-------+----------+-------------------------------------------
     0 | D:1      | unlimited1921 the Djinni Fire Elementalist began the quest
                  | for the Orb.
     0 | D:1      | Reached XP level 1. HP: 15/15 MP: 0/0
   227 | D:1      | Reached XP level 2. HP: 14/21 MP: 0/0
   830 | D:1      | Reached skill level 3 in Spellcasting
   921 | D:1      | Reached XP level 3. HP: 22/25 MP: 0/0
   921 | D:1      | Learned a level 1 spell: Freeze
  2539 | D:2      | Reached XP level 4. HP: 21/31 MP: 0/0
  2801 | D:2      | Found a faded altar of an unknown god.
  3266 | D:2      | Reached XP level 5. HP: 25/35 MP: 0/0
  3266 | D:2      | Learned a level 2 spell: Passwall
  3271 | D:2      | Reached skill level 4 in Spellcasting
  5020 | D:3      | Noticed an ogre
  5027 | D:3      | Killed an ogre
  5028 | D:3      | Reached XP level 6. HP: 31/40 MP: 0/0
  5376 | D:3      | Noticed Robin
  5379 | D:3      | Killed Robin
  5756 | D:3      | Reached skill level 5 in Spellcasting
  6651 | D:4      | Noticed Blork the orc
  6657 | D:4      | Killed Blork the orc
  6658 | D:4      | Reached skill level 1 in Armour
  6658 | D:4      | Reached XP level 7. HP: 37/45 MP: 0/0
  6658 | D:4      | Learned a level 3 spell: Teleport Other
  8404 | D:4      | Noticed Eustachio
  8427 | D:4      | Killed Eustachio
  8795 | D:5      | Entered Level 5 of the Dungeon
  8795 | D:5      | Found a glowing drain.
  8864 | D:5      | Reached XP level 8. HP: 38/51 MP: 0/0
  8953 | D:5      | Reached skill level 6 in Spellcasting
  9098 | Sewer    | Entered a sewer
  9881 | Sewer    | Identified the +6 hunting sling "Furrepp" {vorpal, Int+5
                  | Dex+4 Stlth+}
 10244 | D:5      | Found a one-way gate to the infinite horrors of the Abyss.
 10244 | D:5      | Identified the +8 short sword "Lueh Memn" {distort, Int+5}
 10365 | D:5      | Reached skill level 7 in Spellcasting
 10588 | D:5      | Reached skill level 1 in Fighting
 10588 | D:5      | Reached XP level 9. HP: 47/57 MP: 0/0
 10588 | D:5      | Learned a level 3 spell: Vampiric Draining
 10885 | D:5      | Found a large runed translucent door.
 10910 | D:5      | Found a large runed translucent door.
 10911 | D:5      | Found a corrupted altar of Lugonu.
 10956 | D:5      | Reached skill level 1 in Slings
 11808 | D:6      | Reached skill level 8 in Spellcasting
 12392 | D:6      | Found Utaczac's Antique Weapon Shop.
 12749 | D:7      | Found Geipuawi's Weapon Emporium.
 13355 | D:7      | Found a staircase to the Ecumenical Temple.
 13441 | Temple   | Entered the Ecumenical Temple
 13615 | Temple   | Became a worshipper of Fedhas Madash
 14161 | D:8      | Found a hazy altar of Hepliaklqana.
 14184 | D:8      | Reached skill level 9 in Spellcasting
 14184 | D:8      | Reached XP level 10. HP: 59/64 MP: 0/0
 14534 | D:8      | Reached * piety under Fedhas
 15058 | D:8      | Found Ithrofreu's Antique Armour Shop.
 15066 | D:8      | Bought a runed cloak for 225 gold pieces
 15725 | D:9      | Reached skill level 10 in Spellcasting
 16498 | D:9      | Reached ** piety under Fedhas
 17109 | D:9      | Found Upsulu's Antique Weapon Emporium.
 18488 | D:9      | Reached *** piety under Fedhas
 18500 | D:9      | Reached XP level 11. HP: 54/68 MP: 0/0
 18500 | D:9      | Learned a level 5 spell: Summon Forest
 18680 | D:9      | Noticed Grum
 18683 | D:9      | Killed Grum
 18917 | D:9      | Found Cumnack's Jewellery Shop.
 18957 | D:9      | Reached skill level 1 in Shields
 19265 | D:10     | Entered Level 10 of the Dungeon
 19579 | D:10     | Noticed a green ugly thing
 19584 | D:10     | Noticed a two-headed ogre
 19585 | D:10     | Killed a green ugly thing
 19586 | D:10     | Reached skill level 11 in Spellcasting
 19592 | D:10     | Killed a two-headed ogre
 19901 | D:10     | Found Jaty's General Store.
 20053 | D:10     | Reached **** piety under Fedhas
 20357 | D:10     | Found a staircase to the Orcish Mines.
 21280 | Orc:1    | Entered Level 1 of the Orcish Mines
 21280 | Orc:1    | Noticed an orc knight
 21415 | D:10     | Killed an orc knight
 21416 | D:10     | Reached skill level 12 in Spellcasting
 21608 | Orc:2    | Entered Level 2 of the Orcish Mines
 21616 | Orc:2    | Noticed an orc knight
 21619 | Orc:2    | Reached skill level 5 in Armour
 21873 | Orc:2    | Noticed an orc warlord
 22622 | Orc:2    | Noticed an orc sorcerer
 22628 | Orc:2    | Noticed a sixfirhy
 22628 | Orc:2    | Killed an orc sorcerer
 22630 | Orc:2    | Noticed an orc sorcerer
 22631 | Orc:2    | Reached XP level 12. HP: 40/76 MP: 0/0
 22637 | Orc:2    | Noticed Azrael
 22643 | Orc:2    | Killed an orc warlord
 22656 | Orc:2    | Found a staircase to the Elven Halls.
 22668 | Orc:2    | Noticed a two-headed ogre
 22680 | Orc:2    | Noticed a two-headed ogre
 22686 | Orc:2    | Noticed a two-headed ogre
 22689 | Orc:2    | Noticed a two-headed ogre
 22714 | Orc:1    | HP: 1/76 [two-headed ogre/+0 giant spiked club (11)]
 23182 | D:10     | Killed a two-headed ogre
 23663 | Orc:2    | Noticed a two-headed ogre
 23667 | Orc:2    | Noticed a two-headed ogre
 23669 | Orc:2    | Killed a two-headed ogre
 23686 | D:10     | Mangled by a two-headed ogre

Illustrated notes

Levels and vault maps discovered:
D:1:      onia_arrival_mini_spirals, layout_loops_ring
D:2:      layout_basic, shapermc_ecumenical_altar_starsandcircs,
          minmay_fractal_squares_5
D:3:      layout_rooms, uniq_robin
D:4:      layout_gridville, uniq_eustachio, uniq_blork_the_orc
D:5:      due_chaos_kobolds, layout_basic, portal_sewer_entry_a
D:6:      layout_cave_pools, nicolae_stop_n_shop_1
D:7:      layout_basic, minmay_temple_entry_mist, serial_shops,
          nicolae_shop_stone
D:8:      layout_loops_ring, kennysheep_mini, serial_shops, nicolae_shop_trees
D:9:      layout_big_octagon, serial_gnoll_camp, gnoll_camp_huts_moat,
          gnoll_camp_mini_loothouse, gnoll_camp_medium_02, grums_kennel,
          gnoll_camp_mini_house, gnoll_camp_mini_shop, serial_shops,
          nicolae_shop_stone
D:10:     layout_basic, minmay_orc_entry_guard_dogs, serial_shops,
          kennysheep_mini_moat
Temple:   kilobyte_greek_temple
Orc:1:    layout_diamond_mine, minmay_orc_temple_b
Orc:2:    st_orc_ogre_mass, layout_diamond_mine, uniq_azrael

Skill      XL: |  1  2  3  4  5  6  7  8  9 10 11 12 |
---------------+-------------------------------------+-----
Spellcasting   | 3 4 5 7 9 10 12 | 12.9
Stealth        | 2 3 |  3.9
Armour         | 1 2 3 4 5 |  5.3
Dodging        | 3 4 |  4.6
Fighting       | 1 2 3 |  3.2
Slings         | 2 |  2.1
Shields        | 2 4 |  4.0
Maces & Flails | |  0.5
Staves         | |  0.1
Throwing       | |  0.7

Action                   |  1- 3 |  4- 6 |  7- 9 | 10-12 || total
-------------------------+-------+-------+-------+-------++-------
Melee: Short sword       |     1 |       |       |       ||     1
       Quarterstaff      |       |    12 |       |       ||    12
       Flail             |       |       |     4 |       ||     4
       Punch             |       |       |     1 |       ||     1
 Fire: Hunting sling     |       |       |    15 |       ||    15
Throw: Dart              |       |       |     2 |       ||     2
 Cast: Foxfire           |    58 |   111 |   164 |   303 ||   636
       Scorch            |     1 |    20 |    36 |    93 ||   150
       Inner Flame       |       |     8 |    37 |    73 ||   118
       Freeze            |       |       |     2 |     1 ||     3
       Summon Forest     |       |       |       |     6 ||     6
       Teleport Other    |       |       |       |     5 ||     5
       Flame Wave        |       |       |       |     3 ||     3
Invok: Wall of Briars    |       |       |       |     2 ||     2
  Use: Scroll            |       |       |     9 |    11 ||    20
       Potion            |       |       |     2 |    12 ||    14
Armor: Leather armour    |       |     5 |    13 |     2 ||    20
       Acid dragon scale |       |       |       |    23 ||    23
Dodge: Dodged            |       |     6 |    38 |    75 ||   119
Block: Buckler           |       |       |       |     4 ||     4
       Kite shield       |       |       |       |    46 ||    46
